 Dungeon Crawl Stone Soup version 0.32-a0-666-ge8a88695a4 (webtiles) character file.

Game seed: 9204003586394853498

759 cforsyth the Grave Robber (level 7, 0/94 HPs)
             Began as a Mountain Dwarf Necromancer on Mar 9, 2024.
             Slain by Grinder (1 damage)
             ... on level 4 of the Dungeon.
             The game lasted 00:10:15 (6730 turns).

cforsyth the Grave Robber (MDNe)                    Turns: 6730, Time: 00:10:17

Health: 0/94       AC: 23    Str: 10 (12) XL:     7   Next: 50%
Magic:  9/9        EV:  2    Int: 14 (16) God:
Gold:   174        SH:  0    Dex:  8 (10) Spells: 4/9 levels left

rFire   . . .        h - +4 dagger
rCold   . . .        (no shield)
rNeg    . . .        z - melded +0 scale mail
rPois   +            n - melded +1 helmet
rElec   .            q - melded +0 cloak
rCorr   +            (gloves currently unavailable)
SInv    .            (boots currently unavailable)
Will    .....        (no amulet)
Stlth   +            R - ring of resist corrosion
HPRegen 0.35/turn    (no ring)
MPRegen 0.11/turn

%: no passive effects
@: tree-form, attractive
A: stationary, stasis, torment immunity, boosted hp, runic magic, artefact
enchanting
a: no special abilities


You were on level 4 of the Dungeon.
You were a tree.
You visited 1 branch of the dungeon, and saw 5 of its levels.

You collected 278 gold pieces.
You spent 104 gold pieces at shops.


Innate Abilities, Weirdness & Mutations

You are a tree.
Your roots penetrate the ground, keeping you stationary.
You cannot be teleported.
You are immune to unholy pain and torment.
Your maximum health is greatly increased.
Your equipment is partially melded.
Your spellcasting is much less encumbered by armour.
You can use scrolls of enchantment on lesser artefacts.


   Skills:
 + Level 6.3 Fighting
 - Level 1.3 Dodging
 - Level 1.4 Stealth
 - Level 1.7 Spellcasting
 + Level 7.9 Necromancy


You had 4 spell levels left.
You knew the following spells:

 Your Spells              Type           Power      Damage    Failure   Level
a - Animate Dead          Necr           23%        N/A       10%         4
X - Necrotise             Necr           92%        1d8       1%          1

Your spell library contained the following spells:

 Spells                   Type           Power      Damage    Failure   Level
 Vampiric Draining        Necr           23%        2d7       2%          3
 Lesser Beckoning         Tloc           2%         N/A       36%         2
 Gell's Gravitas          Tloc           1%         N/A       58%         3
 Teleport Other           Tloc           1%         N/A       58%         3
 Curse of Agony           Necr           23%        N/A       26%         5

Inventory:

Hand Weapons
 h - a +4 dagger (weapon)
 y - a +2 whip of venom
Armour
 n - a +1 helmet (melded)
 q - a +0 cloak (melded)
 z - a +0 scale mail (melded)
Magical Staves
 m - a staff of cold {!a}
Jewellery
 v - an amulet of guardian spirit
 R - a ring of resist corrosion (left branch)
Wands
 j - a wand of polymorph (7)
Scrolls
 c - 3 scrolls of teleportation {unknown}
 d - a scroll of torment {unknown}
 i - 3 scrolls of identify {@r1}
 p - a scroll of noise
 r - 4 scrolls of fear {unknown}
 u - a scroll of revelation {unknown}
 x - a scroll of blinking {unknown}
Potions
 b - a potion of magic
 e - a potion of cancellation
 k - a potion of enlightenment

Dungeon Overview and Level Annotations

Branches:
Dungeon (5/15)
 Temple: D:4-7

Altars:
Uskayaw

Shops:
D:2 !

Annotations:
D:4 Grinder

###### #.# ....# #.#
...# #.# #..##
#.###### ###...##
##.#..... #......#
##....####
#.#...#####.....#
#.#........§....#
#.###.#♣.########.###
#....>.5......# #.#
#####.##§####.# #.#
#......##.# #+##
####.#.##.##...##
##.#.##.#.....#
##..#.##........
##................
#.........5.......+


You could see Grinder.


Message History

Grinder blinks!
Grinder is attracted toward you.
Unknown command.
Unknown command.
Okay, then.
Aiming: Polymorph
Press: ? - help, Shift-Dir - straight line, f - Grinder
Aim: Grinder (translocational energy, almost dead, will become a ynoxinul, a cerulean imp, or a chaos spawn, chance to affect: 49%)
Okay, then.
Unknown command.
Okay, then.
As you read the scroll labelled TEHEVU ODUVIA, it crumbles to dust.
It is a scroll of identify.
p - a scroll of noise
As you read the scroll labelled XOROAQ JIMI, it crumbles to dust.
The air around you briefly surges with heat, but it dissipates.
It was a scroll of immolation.
Grinder is attracted toward you.
Okay, then.
Unknown command.
You hit Grinder.
Grinder is almost dead.
Grinder hits you but does no damage.
Unknown command.
Unknown command.
You closely miss Grinder.
Grinder is almost dead.
Grinder hits you.
* * * LOW HITPOINT WARNING * * *
You writhe in agony.
You die...
Grinder says, "Hey, I wasn't done torturing you yet!"

Skill      XL: |  1  2  3  4  5  6  7 |
---------------+----------------------+-----
Fighting       | 1 2 3 4 5 6 |  6.3
Necromancy     | 5 6 7 |  7.9
Dodging        | |  1.3
Stealth        | |  1.4
Spellcasting   | |  1.7

Action                     |  1- 3 |  4- 6 |  7- 9 || total
---------------------------+-------+-------+-------++-------
  Melee: Unarmed           |    25 |       |       ||    25
         Dagger            |    26 |    66 |    28 ||   120
   Cast: Necrotise         |    75 |    77 |     7 ||   159
  Evoke: Wand              |       |     3 |     6 ||     9
    Use: Potion            |       |       |     5 ||     5
         Scroll            |       |       |     2 ||     2
 Armour: Robe              |    36 |     5 |       ||    41
         Ring mail         |       |    87 |       ||    87
         Scale mail        |       |     8 |    36 ||    44
         Skin              |       |       |     8 ||     8
  Dodge: Dodged            |    37 |    71 |    13 ||   121

Levels and vault maps discovered:
D:1:      spicycebolla_green_bress_n_ham, layout_loops_corners
D:2:      layout_basic, serial_shops, shop, uniq_robin
D:3:      layout_loops_cross, dreamdust_ecumenical_altar_angels_and_demons
D:4:      layout_loops_corners, uniq_grinder, uniq_blork_the_orc
D:5:      minmay_clustersquares, layout_layer_cave, jmf_multi_god_temple2,
          minivault_25, minmay_circle_x

Notes
Turn   | Place    | Note
-------+----------+-------------------------------------------
     0 | D:1      | cforsyth the Mountain Dwarf Necromancer began the quest for
                  | the Orb.
     0 | D:1      | Reached XP level 1. HP: 14/14 MP: 3/3
   222 | D:1      | Reached skill level 1 in Fighting
   288 | D:1      | Reached XP level 2. HP: 15/23 MP: 0/4
  1245 | D:2      | Noticed Robin
  1246 | D:2      | Reached skill level 2 in Fighting
  1252 | D:1      | Reached XP level 3. HP: 27/29 MP: 1/5
  1292 | D:2      | Reached skill level 5 in Necromancy
  2099 | D:2      | Reached XP level 4. HP: 37/37 MP: 6/6
  2150 | D:2      | Found Zeanet's Distillery.
  2153 | D:2      | Bought a potion of enlightenment for 65 gold pieces
  2153 | D:2      | Bought a potion of curing for 39 gold pieces
  2962 | D:2      | Found Zeanet's Distillery.
  2980 | D:2      | Killed Robin
  3678 | D:3      | Reached skill level 3 in Fighting
  3764 | D:3      | Found a faded altar of an unknown god.
  4469 | D:3      | Reached XP level 5. HP: 45/45 MP: 4/7
  4999 | D:4      | Noticed Blork the orc
  5010 | D:4      | Killed Blork the orc
  5011 | D:4      | Reached skill level 4 in Fighting
  5011 | D:4      | Reached skill level 6 in Necromancy
  5156 | D:4      | Noticed a steam dragon
  5429 | D:4      | Noticed Grinder
  5448 | D:5      | Entered Level 5 of the Dungeon
  5460 | D:5      | Reached XP level 6. HP: 40/53 MP: 6/8
  5610 | D:5      | Learned a level 4 spell: Animate Dead
  6003 | D:5      | Found a hide-covered altar of Uskayaw.
  6003 | D:5      | Noticed an ice beast
  6140 | D:4      | Killed a steam dragon
  6141 | D:4      | Reached skill level 5 in Fighting
  6141 | D:4      | Reached skill level 7 in Necromancy
  6415 | D:4      | Reached XP level 7. HP: 55/62 MP: 4/9
  6637 | D:5      | Reached skill level 6 in Fighting
  6713 | D:4      | HP: 4/63 [Grinder (3)]
  6716 | D:4      | HP: 1/94 [Grinder (3)]
  6719 | D:4      | Paralysed by Grinder for 4 turns
  6730 | D:4      | HP: 1/94 [Grinder (5)]
  6730 | D:4      | Slain by Grinder

Vanquished Creatures
  A steam dragon (D:4)
  An ice beast (D:5)
  A black bear (D:5)
  A centaur (D:4)
  A bullfrog (D:5)
  Blork the orc (D:4)
  An iguana (D:5)
  2 orc wizards (D:5)
  Robin (D:2)
  5 adders
  A shadow imp (D:4)
  10 orcs
  2 ball pythons
  7 endoplasms
  3 giant cockroaches
  21 goblins
  4 hobgoblins
  10 jackals
  5 kobolds
  6 quokkas
  6 bats
  4 frilled lizards
  6 rats
100 creatures vanquished.

Vanquished Creatures (collateral kills)
  A ribbon worm (D:2)
  A rat (D:1)
2 creatures vanquished.

Grand Total: 102 creatures vanquished

Table legend: (Time is in decaauts)
 A = Elapsed time spent in this place.
 B = Non-inter-level travel time spent in this place.
 C = Inter-level travel time spent in this place.
 D = Time resting spent in this place.
 E = Time spent auto-exploring this place.
 F = Levels seen in this place.
 G = Mean time per level.
                   A        B        C        D        E       F      G
               +--------+--------+--------+--------+--------+-----+--------+
         Total |   6732 |   6375 |    357 |    496 |   4958 |   5 | 1346.4 |
       Dungeon |   6732 |   6375 |    357 |    496 |   4958 |   5 | 1346.4 |
               +--------+--------+--------+--------+--------+-----+--------+

Top non-repeatable levels by time:
     D:2: 2135 daAuts
     D:1: 1537 daAuts
     D:4: 1332 daAuts
     D:3: 1029 daAuts
     D:5: 697 daAuts

Table legend:
 A = Non-vault XP
 B = Vault XP
 C = Vault XP percentage of total XP
 D = Non-vault monster count
 E = Vault monster count
 F = Vault count percentage of total count
                 A         B        C        D         E       F
            +---------+---------+-------+---------+---------+-------
      Total |     709 |     376 |  34.7 |      87 |      15 |  14.7
            +---------+---------+-------+---------+---------+-------
        D:1 |      37 |       6 |  14.0 |      24 |       3 |  11.1
        D:2 |      52 |      30 |  36.6 |      22 |       9 |  29.0
        D:3 |      71 |       0 |   0.0 |      19 |       0 |   0.0
        D:4 |     329 |      90 |  21.5 |      10 |       1 |   9.1
        D:5 |     220 |     250 |  53.2 |      12 |       2 |  14.3
            +---------+---------+-------+---------+---------+-------
